 Dungeon Crawl Stone Soup version 0.28-a0-206-gc2c9e32840 (webtiles) character file.

Game seed: 14560801002699408508

11 Whiskey the Sneak (level 2, 0/15 HPs)
             Began as a Kobold Enchanter on Aug 20, 2021.
             Slain by a ball python (1 damage)
             ... on level 1 of the Dungeon.
             The game lasted 00:02:34 (581 turns).

Whiskey the Sneak (Kobold Enchanter)                 Turns: 581, Time: 00:02:34

Health: 0/15       AC:  8    Str:  5    XL:     2   Next: 35%
Magic:  5/5        EV: 11    Int: 16    God:
Gold:   34         SH:  0    Dex: 15    Spells: 5/5 levels left

rFire   . . .      SeeInvis .   a - +1 dagger
rCold   . . .      Faith    .   (shield restricted)
rNeg    . . .      Spirit   .   d - +3 ring mail
rPois   .          Reflect  .   (no helmet)
rElec   .          Harm     .   (no cloak)
rCorr   .          Rampage  .   (no gloves)
Will    .....                   (no boots)
Stlth   +++.......              (no amulet)
HPRegen 0.05/turn               (no ring)
MPRegen 0.09/turn               (no ring)

@: no status effects
A: small, no large weapons, nightstalker 3
a: no special abilities


You were on level 1 of the Dungeon.
You visited 1 branch of the dungeon, and saw 1 of its levels.

You collected 34 gold pieces.

Inventory:

Hand Weapons
 a - a +1 dagger (weapon)
Armour
 b - a +0 robe
 d - a +3 ring mail (worn)
   (You found it on level 1 of the Dungeon)
 g - a +0 helmet
   (You found it on level 1 of the Dungeon)
 h - a +0 pair of boots
   (You found it on level 1 of the Dungeon)
Scrolls
 i - a scroll of fear {unknown}
Potions
 c - a potion of invisibility
 e - a potion of lignification {unknown}
 f - a potion of brilliance {unknown}


   Skills:
 - Level 1.3 Short Blades
 - Level 2.4 Dodging
 * Level 5.1 Stealth
 - Level 2.1 Spellcasting
 - Level 3.0 Hexes


You had 5 spell levels left.
You didn't know any spells.
Your spell library contained the following spells:

 Spells                   Type           Power      Damage    Failure   Level
 Ensorcelled Hibernation  Hex/Ice        12%        N/A       63%         2
 Confusing Touch          Hex            11%        N/A       65%         3
 Tukima's Dance           Hex            11%        N/A       65%         3
 Dazzling Flash           Conj/Hex       12%        N/A       85%         3


Dungeon Overview and Level Annotations

Branches:
Dungeon (1/15)

Altars:


Innate Abilities, Weirdness & Mutations

You are small and have problems with some larger weapons.
You are completely attuned to the shadows.


Message History

You kill the kobold!
You barely miss the hobgoblin. The hobgoblin barely misses you.
You completely miss the hobgoblin.
The hobgoblin hits you but does no damage.
A goblin comes into view. It is wielding a +0 club.
You closely miss the hobgoblin. The hobgoblin hits you.
You hit the hobgoblin but do no damage. The hobgoblin barely misses you.
You barely miss the hobgoblin. The hobgoblin closely misses you.
You hit the hobgoblin but do no damage. The hobgoblin hits you.
You take 5 damage, and have 10/15 hp.
MASSIVE DAMAGE!!
The goblin barely misses you.
You see here a scroll labelled DISKOS BATO.
You barely miss the hobgoblin. The hobgoblin barely misses you.
You barely miss the hobgoblin.
The hobgoblin hits you but does no damage.
You hit the hobgoblin. The hobgoblin hits you.
You take 2 damage, and have 8/15 hp.
You hit the hobgoblin. The hobgoblin barely misses you.
You hit the hobgoblin.
You kill the hobgoblin!
Your Stealth skill increases to level 5!
You hit the goblin but do no damage. The goblin hits you but does no damage.
You hit the goblin. The goblin hits you but does no damage.
You hit the goblin. The goblin barely misses you.
You barely miss the goblin. You hit the goblin.
You kill the goblin!
No target in view!
No target in view!
Things that are here:
a +0 club; a goblin corpse; a hobgoblin corpse A gnoll comes into view.
It is wielding a +0 flail.
The gnoll barely misses you.
You barely miss the gnoll. The gnoll hits you but does no damage.
You see here a scroll labelled DISKOS BATO.
i - a scroll labelled DISKOS BATO The gnoll hits you with a +0 flail.
* * * LOW HITPOINT WARNING * * *
You take 5 damage, and have 4/15 hp.
MASSIVE DAMAGE!!
The gnoll completely misses you.
There is a fountain of clear blue water here.
A ball python comes into view.
A frilled lizard comes into view.
The frilled lizard hisses angrily.
The ball python barely misses you. The ball python closely misses you.
Found a stone staircase leading down.
The ball python barely misses you. The ball python grabs you.
The ball python constricts you.
The ball python's grasp on you weakens, but your attempt to escape fails.
The ball python barely misses you. The ball python constricts you.
You escape the ball python's grasp.
There is a stone staircase leading down here.
There is an empty arch of ancient stone here.
The ball python closely misses you. x2
The frilled lizard barely misses you.
The frilled lizard bites you but does no damage.
The frilled lizard bites you but does no damage.
The ball python closely misses you. x2
The ball python closely misses you. The ball python barely misses you.
There is a stone staircase leading down here.
The ball python closely misses you. The ball python grabs you.
The ball python constricts you.
You take 1 damage, and have 5/15 hp.
You escape the ball python's grasp.
The ball python bites you but does no damage.
The ball python closely misses you.
The ball python barely misses you. x2; The gnoll hits you with a +0 flail.
* * * LOW HITPOINT WARNING * * *
You take 3 damage, and have 2/15 hp.
The frilled lizard barely misses you. The ball python closely misses you.
The ball python grabs you. The ball python constricts you.
You escape the ball python's grasp.
The ball python closely misses you. The ball python misses you.
The ball python barely misses you. The ball python grabs you.
The ball python constricts you.
There is a fountain of clear blue water here.
The ball python's grasp on you weakens, but your attempt to escape fails.
The ball python closely misses you. The ball python constricts you.
You escape the ball python's grasp.
The frilled lizard bites you.
* * * LOW HITPOINT WARNING * * *
You take 2 damage, and have 1/15 hp.
The frilled lizard barely misses you. The ball python closely misses you.
The ball python grabs you. The ball python constricts you.
You escape the ball python's grasp.
The ball python closely misses you. x2
The ball python closely misses you. x2
The ball python bites you.
* * * LOW HITPOINT WARNING * * *
The ball python grabs you. The ball python constricts you.
You take 1 damage, and have 1/15 hp.
You escape the ball python's grasp.
The ball python hisses angrily.
The ball python closely misses you. The ball python barely misses you.
The ball python bites you but does no damage.
The ball python misses you.
There is a fountain of clear blue water here.
The ball python bites you.
You die...

....#.............
....................
...#...>..##..§......#
...§.☼.#○............#
......§...♣♣.♣○......#
..##...§§∩☼♣..♣♣.○.○...#
...#...♣§♣.♣⌠.⌠.♣♣○....#
###.....♣♣§♣⌠...⌠♣.♣♣...###
...........♣.♣@⌠..8..⌠.♣.♣....#
......##)...♣.♣S.......⌠♣.♣.....
.#.....#...#......8.<.8..♣♣.#..#.
#......#.....♣♣g⌠.......⌠.♣♣.....
.........##g♣.♣♣⌠..8..⌠.♣§......
#.......##.#§♣♣.⌠...⌠♣§♣♣§.....
##)##...##.l♣.♣§♣⌠.⌠.♣♣§§#####.
##.#...###.§.§♣♣.♣.♣)♣○## .
##.#.....§§.##♣ ♣♣...######


You could see a gnoll and a ball python.

Vanquished Creatures
  2 endoplasms (D:1)
  A giant cockroach (D:1)
  3 goblins (D:1)
  A hobgoblin (D:1)
  A kobold (D:1)
  A rat (D:1)
9 creatures vanquished.

Notes
Turn   | Place    | Note
-------+----------+-------------------------------------------
     0 | D:1      | Whiskey the Kobold Enchanter began the quest for the Orb.
     0 | D:1      | Reached XP level 1. HP: 10/10 MP: 3/3
   276 | D:1      | Reached XP level 2. HP: 12/15 MP: 5/5
   486 | D:1      | Reached skill level 5 in Stealth
   550 | D:1      | HP: 2/15 [gnoll (3)]
   561 | D:1      | HP: 1/15 [frilled lizard (2)]
   573 | D:1      | HP: 1/15 [ball python (1)]
   581 | D:1      | Slain by a ball python

Illustrated notes

Levels and vault maps discovered:
D:1:      heliophobic_arrival_enchanted_forest, layout_rooms, dk_noncrumbling_4,
          nrook_loot_triangle, minmay_cut_off

Skill      XL: |  1  2 |
---------------+-------+-----
Stealth        | 5 |  5.1
Short Blades   | |  1.3
Dodging        | |  2.4
Spellcasting   | |  2.1
Hexes          | |  3.0

Action                   || total
-------------------------++-------
Melee: Dagger            ||    66
 Stab: Sleeping          ||     1
Armor: Ring mail         ||    27
Dodge: Dodged            ||    61

Table legend: (Time is in decaauts)
 A = Elapsed time spent in this place.
 B = Non-inter-level travel time spent in this place.
 C = Inter-level travel time spent in this place.
 D = Time resting spent in this place.
 E = Time spent auto-exploring this place.
 F = Levels seen in this place.
 G = Mean time per level.
                   A        B        C        D        E       F      G
               +--------+--------+--------+--------+--------+-----+--------+
         Total |    576 |    573 |      3 |    256 |    119 |   1 |  576.0 |
       Dungeon |    576 |    573 |      3 |    256 |    119 |   1 |  576.0 |
               +--------+--------+--------+--------+--------+-----+--------+

Top non-repeatable levels by time:
     D:1: 576 daAuts

Table legend:
 A = Kills in this place as a percentage of kills in entire the game.
 B = Kills by you in this place as a percentage of kills by you in the entire game.
 C = Kills by friends in this place as a percentage of kills by friends in the entire game.
 D = Other kills in this place as a percentage of other kills in the entire game.
 E = Experience gained in this place as a percentage of experience gained in the entire game.
 F = Experience gained in this place divided by the number of levels of this place that you have seen.
                   A       B       C       D       E      F
               +-------+-------+-------+-------+-------+----------------------
         Total | 100.0 | 100.0 |   N/A |   N/A | 100.0 |  16.0
       Dungeon | 100.0 | 100.0 |   N/A |   N/A | 100.0 |  16.0
               +-------+-------+-------+-------+-------+----------------------
